 Dungeon Crawl Stone Soup version 0.30-a0-540-g0af01429fa (webtiles) character file.

Game seed: 16083573810941951869

553 greasedhog the Trooper (level 7, -13/57 HPs)
             Began as a Formicid Fighter on Dec 25, 2022.
             Mangled by Pikel
             ... wielding a +1 whip of electrocution
              (16 damage)
             ... on level 5 of the Dungeon.
             The game lasted 00:04:02 (3542 turns).

greasedhog the Trooper (Formicid Fighter)           Turns: 3542, Time: 00:04:03

Health: -13/57     AC: 11    Str: 23    XL:     7   Next: 55%
Magic:  7/7        EV:  8    Int:  7    God:
Gold:   266        SH:  5    Dex: 13    Spells: 6/6 levels left

rFire   . . .      SeeInvis +    g - +0 scythe
rCold   . . .      Faith    .    c - +0 buckler
rNeg    . . .      Spirit   .    n - +0 chain mail
rPois   .          Reflect  .    (helmet unavailable)
rElec   .          Harm     .    k - +0 cloak
rCorr   .          Rampage  .    (no gloves)
Will    .....                    (no boots) Stlth
                                 (no amulet)
HPRegen 0.29/turn                (no ring)
MPRegen 0.10/turn                (no ring)

@: mighty
A: permanent stasis, dig shafts and tunnels, antennae 3, four strong arms
a: Dig, Shaft Self


You were on level 5 of the Dungeon.
You visited 2 branches of the dungeon, and saw 6 of its levels.

You collected 266 gold pieces.

Inventory:

Hand Weapons
 g - a +0 scythe (weapon)
Missiles
 r - a throwing net
Armour
 c - a +0 buckler (worn)
 k - a +0 cloak (worn)
 n - a +0 chain mail (worn)
Scrolls
 b - a scroll of magic mapping {unknown}
 l - 2 scrolls of noise {unknown}
 p - 2 scrolls of identify
Potions
 a - a potion of resistance
 e - a potion of degeneration {unknown}
 f - 6 potions of heal wounds
 h - a potion of magic {unknown}
 i - a potion of berserk rage {unknown}
 j - a potion of lignification {unknown}
 m - 2 potions of haste {unknown}
 o - 2 potions of attraction {unknown}
 q - a potion of brilliance {unknown}


   Skills:
 * Level 5.8 Fighting
 * Level 4.7 Polearms
 - Level 5.3 Armour
 * Level 1.3 Dodging
 - Level 4.0 Shields


You had 6 spell levels left.
You didn't know any spells.
Your spell library contained the following spells:

 Spells                   Type           Power      Damage    Failure   Level
 Freeze                   Ice            0%         1d3       99%         1
 Shock                    Conj/Air       0%         1d3       99%         1
 Frozen Ramparts          Ice            0%         1d1       100%        3
 Gell's Gravitas          Tloc           0%         N/A       100%        3
 Hailstorm                Conj/Ice       0%         3d3       100%        3
 Teleport Other           Tloc           0%         N/A       100%        3
 Airstrike                Air            0%         2d(0-16)  100%        4
 Dispersal                Tloc           0%         N/A       100%        6
 Swiftness                Air            Unusable   N/A       N/A         3

Dungeon Overview and Level Annotations

Branches:
Dungeon (5/15)             Temple (1/1) D:4

Altars:
Ashenzari
Cheibriados
Elyvilon
Fedhas
Gozag
Hepliaklqana
Kikubaaqudgha
Makhleb
Nemelex Xobeh
Qazlal
Ru
Sif Muna
Trog
Vehumet
Wu Jian
Yredelemnul
Zin

Annotations:
D:5 Pikel


Innate Abilities, Weirdness & Mutations

You cannot be hasted, slowed, berserked, paralysed or teleported.
You can dig through walls and to a lower floor.
You have a pair of large antennae on your head. (SInv)
Your four strong arms can wield two-handed weapons with a shield.


Message History

Pikel is lightly wounded.
Pikel hits you but does no damage.
The lemure splashes around in the water.
You barely miss Pikel.
Pikel is lightly wounded.
Pikel hits you but does no damage.
You are electrocuted!!
The lemure barely misses you.
You feel very mighty all of a sudden.
Pikel hits you with a +1 whip of electrocution.
You block the lemure's attack.
You puncture Pikel!
Pikel is moderately wounded.
Pikel splashes around in the water.
The lemure hits you but does no damage. Pikel closely misses you.
You closely miss Pikel.
Pikel is moderately wounded.
The lemure splashes around in the water.
Pikel hits you but does no damage.
You are electrocuted!
The lemure hits you but does no damage.
You closely miss Pikel.
Pikel is moderately wounded.
Pikel hits you with a +1 whip of electrocution.
The lemure hits you but does no damage.
You slash Pikel!
Pikel is heavily wounded.
Pikel hits you but does no damage. You block Pikel's attack.
You slash Pikel!
Pikel is severely wounded.
Pikel hits you but does no damage.
You puncture Pikel!
Pikel is almost dead.
Pikel hits you but does no damage.
You are electrocuted!
* * * LOW HITPOINT WARNING * * *
You closely miss Pikel.
Pikel is almost dead.
Pikel barely misses you.
Pikel hits you with a +1 whip of electrocution!
* * * LOW HITPOINT WARNING * * *
You are electrocuted!
You die...

#.~≈≈~~##.####
#.~~≈≈~#...(.
#.#~≈≈~#..###
...#~≈≈~~....#
... #~~≈≈~.##.#
## {##~≈≈~~##.#
#~~≈≈~##.#
###~≈≈~~#.#
....~~≈≈~#@#
..###~≈≈{#K#
.......55~.5#
###########...#
###.# .# . ..
..


You could see Pikel and a lemure.

Vanquished Creatures
  Sigmund (D:2)
  A human (D:4)
  An iron imp (D:4)
  Jessica (D:2)
  Terence (D:2)
  9 adders
  4 gnolls (D:2)
  A worm (D:3)
  A dart slug (D:1)
  An orc (D:4)
  4 ball pythons (D:1)
  3 bats (D:1)
  8 endoplasms
  7 goblins
  6 hobgoblins
  6 jackals
  2 quokkas
  4 frilled lizards
  A goblin zombie (D:4)
  A jackal zombie (D:4)
  7 kobolds
  4 rats
74 creatures vanquished.

Vanquished Creatures (others)
  9 plants (D:2)
9 creatures vanquished.

Grand Total: 83 creatures vanquished

Notes
Turn   | Place    | Note
-------+----------+-------------------------------------------
     0 | D:1      | greasedhog the Formicid Fighter began the quest for the
                  | Orb.
     0 | D:1      | Reached XP level 1. HP: 18/18 MP: 1/1
   120 | D:1      | Reached XP level 2. HP: 24/24 MP: 2/2
   212 | D:1      | Found a faded altar of an unknown god.
   349 | D:1      | Reached XP level 3. HP: 30/30 MP: 3/3
   790 | D:2      | Noticed Jessica
   790 | D:2      | Noticed Sigmund
   798 | D:2      | Killed Sigmund
   799 | D:2      | Reached XP level 4. HP: 18/38 MP: 4/4
   799 | D:2      | Reached XP level 5. HP: 21/43 MP: 5/5
   799 | D:2      | Killed Jessica
   800 | D:2      | Reached XP level 6. HP: 25/50 MP: 6/6
   824 | D:2      | Reached skill level 5 in Fighting
   824 | D:2      | Reached skill level 5 in Armour
  1407 | D:2      | Noticed Terence
  1414 | D:2      | Killed Terence
  1894 | D:3      | Found an ornate altar of the Wu Jian Council.
  2419 | D:4      | Found a staircase to the Ecumenical Temple.
  2454 | Temple   | Entered the Ecumenical Temple
  2616 | D:4      | Found a snail-covered altar of Cheibriados.
  2638 | D:4      | Reached XP level 7. HP: 18/56 MP: 7/7
  2794 | D:4      | Found a runed translucent door.
  2794 | D:4      | Noticed a human
  2808 | D:4      | Found a basalt altar of Yredelemnul.
  2826 | D:4      | Killed a human
  2827 | D:4      | Reached skill level 1 in Dodging
  3391 | D:4      | Found a sparkling altar of Nemelex Xobeh.
  3475 | D:5      | Entered Level 5 of the Dungeon
  3502 | D:5      | Noticed Pikel
  3542 | D:5      | Mangled by Pikel

Illustrated notes

Levels and vault maps discovered:
D:1:      giann_bridges, layout_basic, ebering_ecumenical_altar_mist
D:2:      minmay_diamond_boxcup, layout_loops_cross, nicolae_grassy_gnolls,
          uniq_jessica, uniq_terence, uniq_sigmund
D:3:      layout_basic, lemuel_crystal_altar
D:4:      layout_basic, nemelex_spade_bored_becter, slow_altar_1,
          dk_yredelemnul_ordeal, minmay_temple_entry_sparse_star,
          minmay_hedge_maze
D:5:      wander_river, layout_loops_ring, marbit_many_paths,
          nicolae_eternal_life, kennysheep_generic_room_7, uniq_ijyb,
          uniq_blork_the_orc, uniq_pikel
Temple:   dshaligram_water_room_temple

Skill      XL: |  1  2  3  4  5  6  7 |
---------------+----------------------+-----
Fighting       | 4 5 |  5.8
Polearms       | 3 4 |  4.7
Armour         | 4 5 |  5.3
Dodging        | 1 |  1.3
Shields        | |  4.0

Action                   |  1- 3 |  4- 6 |  7- 9 || total
-------------------------+-------+-------+-------++-------
Melee: Trident           |    75 |     5 |       ||    80
       Halberd           |       |   125 |    68 ||   193
  Use: Potion            |     1 |       |     1 ||     2
       Scroll            |       |     3 |       ||     3
Armor: Scale mail        |    26 |    14 |       ||    40
       Chain mail        |       |    40 |    31 ||    71
Dodge: Dodged            |    22 |    43 |    16 ||    81
Block: Buckler           |    14 |    33 |    12 ||    59

Table legend: (Time is in decaauts)
 A = Elapsed time spent in this place.
 B = Non-inter-level travel time spent in this place.
 C = Inter-level travel time spent in this place.
 D = Time resting spent in this place.
 E = Time spent auto-exploring this place.
 F = Levels seen in this place.
 G = Mean time per level.
                   A        B        C        D        E       F      G
               +--------+--------+--------+--------+--------+-----+--------+
         Total |   3633 |   3463 |    170 |    199 |   2624 |   6 |  605.5 |
       Dungeon |   3500 |   3353 |    147 |    199 |   2524 |   5 |  700.0 |
        Temple |    132 |    109 |     23 |      0 |    100 |   1 |  132.0 |
               +--------+--------+--------+--------+--------+-----+--------+

Top non-repeatable levels by time:
     D:4: 1217 daAuts
     D:2: 808 daAuts
     D:1: 805 daAuts
     D:3: 581 daAuts
  Temple: 132 daAuts
     D:5: 88 daAuts
